 Dungeon Crawl Stone Soup version 0.01-2113-gba4e2f8f9f (webtiles) character file.

Game seed: 6827209036759665786, levelgen mode: deterministic

76 pasperui the Slasher (level 4, -1/52 HPs) Goblin Berserker. Began on June 4, 2020. Was a Believer of Trog. Slain by a sewer rat (4 damage) ... on level 2 of the Dungeon. The game lasted 00:03:11 (615 turns).

pasperui the Slasher (Goblin Berserker)              Turns: 615, Time: 00:03:12

Health: -1/52      AC:  2    Str: 16    XL:     4 ^: 30
Magic:  2/2        EV: 14    Int:  1    God:    Trog [**.... (56)]
Gold:   78         SH:  0    Dex:  6    Spells: 3/3 levels left

rFire    . . .     Vision   .   a - +0 falchion
rCold    . . .     Gourm    .   (weapon restricted)
rNeg     . . .     Faith    .   b - +0 animal skin
rPois    .         Spirit   .   (no helmet)
rElec    .         Reflect  .   (no cloak)
rCorr    .         Harm     .   (no gloves)
MR       .....     Rnd*Rage +   (no boots)
Stlth    ..........             (no amulet)
HPRegen  0.27/turn              (no ring)
MPRegen  0.12/turn              (no ring)

@: berserking, lethally poisoned (-1 -> -2), very quick
A: small, stagnant stats, goblin's greed, low mp 1, mutation resistance 1, god's
pity 2
a: Berserk, Trog's Hand, Renounce Religion


You were on level 2 of the Dungeon.
You worshipped Trog.
Trog was pleased with you.
You were not hungry.

You visited 1 branch of the dungeon, and saw 2 of its levels.

You collected 64 gold pieces.

Inventory:

Weapons
 a - a +0 falchion (weapon)
Armour
 b - a +0 animal skin (worn)
Scrolls
 d - 2 scrolls of random uselessness
 g - a scroll of blinking
 h - 2 scrolls of amnesia
 j - a scroll of fear
Potions
 e - a potion of curing
 i - a potion of lignification
 k - 2 potions of haste
 l - a potion of brilliance
Comestibles
 c - 8 rations


   Skills:
 - Level 5.0 Fighting
 * Level 5.9 Long Blades
 - Level 2.6 Armour
 - Level 2.6 Dodging


You had 3 spell levels left.
You didn't know any spells.
Your spell library was empty.

Dungeon Overview and Level Annotations

Branches:
Dungeon (2/8)

Altars:


Innate Abilities, Weirdness & Mutations

Your stats never grow through leveling.
Your goblin ancestry allows you to find more gold. (+20%)
You are small and have problems with some larger weapons.
Your magical capacity is low. (-10% MP)
You are somewhat resistant to further mutation.
The pity of the gods increases the power of your passive and invoked divine abilities.
You frequently lose your temper in combat.
This godly rage surpasses even clarity. (*Rage)


Message History

The sewer rat completely misses you (0).
You riposte.
You hit the sewer rat (4).
The sewer rat is heavily wounded. (6/11) HP The sewer rat bites you (3).
* * * LOW HITPOINT WARNING * * *
Unknown command.
You hit the sewer rat (5).
The sewer rat is almost dead. (2/12) HP You barely miss the sewer rat.
The sewer rat is almost dead. (2/12) HP The sewer rat barely misses you (0).
You riposte.
You barely miss the sewer rat. The sewer rat bites you (8)!
* * * LOW HITPOINT WARNING * * *
The sewer rat barely misses you (0).
You hit the sewer rat (3).
You feel the power of Trog in you as your rage grows.
You kill the sewer rat!
Trog accepts your kill.
You feel sick. The sewer rat bites you (4).
You die... ..# PPPPPP..

. .P≈≈≈≈P.### ..
.PP≈≈≈P..≈## ...
.≈≈PPPP.#..# ....
....P.....≈#≈P...
.≈≈...≈.[...P....
≈≈≈≈.≈≈r#†.......
.≈≈≈..≈r@........
≈≈≈≈≈.≈r#........
.≈...≈≈≈#........
...≈≈≈≈≈....≈....
..≈≈≈≈≈≈#≈####...
≈..≈≈≈≈≈### ...
.≈.≈≈≈≈P# ≈.
≈.≈≈≈≈≈P#


You could see 3 sewer rats.

Vanquished Creatures
  An adder (D:2)
  2 sewer rats (D:2)
  2 cinder newts (D:1)
  2 leopard geckos (D:1)
  2 ball pythons
  5 bats (D:1)
  4 giant cockroaches (D:1)
  4 goblins (D:1)
  4 hobgoblins (D:1)
  6 rats (D:1)
32 creatures vanquished.

Notes
Turn   | Place    | Note
-------+----------+-------------------------------------------
     0 | D:1      | pasperui the Goblin Berserker began the quest for the Orb.
     0 | D:1      | Reached XP level 1. HP: 17/17 MP: 0/0
    83 | D:1      | Reached XP level 2. HP: 23/23 MP: 0/0
   162 | D:1      | Reached skill level 5 in Fighting
   215 | D:1      | Reached XP level 3. HP: 15/29 MP: 1/1
   347 | D:1      | Reached ** piety under Trog
   383 | D:1      | Reached skill level 5 in Long Blades
   473 | D:1      | Received a gift from Trog
   609 | D:2      | Reached XP level 4. HP: 35/35 MP: 2/2
   615 | D:2      | Slain by a sewer rat

Levels and vault maps discovered:
D:1:      ebering_hopf_link, layout_loops_cross, first_ration
D:2:      layout_sewer, basic_altar

Skill      XL: |  1  2  3 |
---------------+----------+-----
Fighting       | 5 |  5.0
Long Blades    | 5 |  5.9
Armour         | |  2.6
Dodging        | |  2.6

Action                   |  1- 3 |  4- 6 || total
-------------------------+-------+-------++-------
Melee: Falchion          |   101 |     6 ||   107
       Unarmed           |    81 |     4 ||    85
Armor: Animal skin       |    26 |     1 ||    27
Dodge: Dodged            |   115 |     9 ||   124
       Rpst.: Unarmed    |    33 |     6 ||    39
       Falchion          |    36 |     1 ||    37
